 Dungeon Crawl Stone Soup version 0.22.0-75-g3901e79 (webtiles) character file.

46 PaladinM the Slasher (level 3, 0/27 HPs)
             Began as a Human Skald on Sept 11, 2018.
             Succumbed to an adder's poison
             ... on level 1 of the Dungeon.
             The game lasted 00:03:36 (615 turns).

PaladinM the Slasher (Human Skald)                   Turns: 615, Time: 00:03:36

Health: 0/27       AC:  3    Str: 11    XL:     3   Next: 92%
Magic:  5/6        EV: 12    Int: 13    God:
Gold:   32         SH:  0    Dex: 13    Spells: 0/6 levels left

rFire    . . .     SeeInvis .   a - +0 falchion
rCold    + . .     Gourm    .   (no shield)
rNeg     . . .     Faith    .   b - +0 leather armour
rPois    .         Spirit   .   (no helmet)
rElec    .         Reflect  .   (no cloak)
rCorr    .         Harm     .   (no gloves)
MR       .....                  (no boots)
Stlth    +.........             (no amulet)
HPRegen  0.09/turn              c - ring of protection from cold
MPRegen  0.10/turn              (no ring)

@: lethally poisoned (0 -> -4)
A: no striking features
a: no special abilities


You were on level 1 of the Dungeon.
You were not hungry.

You visited 1 branch of the dungeon, and saw 2 of its levels.

You collected 32 gold pieces.

Inventory:

Hand Weapons
 a - a +0 falchion (weapon)
Armour
 b - a +0 leather armour (worn)
Jewellery
 c - a ring of protection from cold (left hand)
Scrolls
 e - a scroll of remove curse {unknown}
 g - a scroll of random uselessness {unknown}
 h - a scroll of immolation {unknown}
Comestibles
 d - a ration


   Skills:
 - Level 2.0 Fighting
 + Level 3.9 Long Blades
 - Level 1.0 Armour
 - Level 2.0 Dodging
 - Level 2.0 Spellcasting
 - Level 3.0 Charms


You couldn't memorise any spells.
You knew the following spells:

 Your Spells              Type           Power        Failure   Level  Hunger
a - Infusion              Chrm           #...         10%         1    ##.....
b - Shroud of Golubria    Chrm/Tloc      #.........   26%         2    ###....
c - Spectral Weapon       Hex/Chrm       #.......     47%         3    ####...

Your spell library contained the following spells:

 Spells                   Type           Power        Failure   Level  Hunger
 Song of Slaying          Chrm           #.......     14%         2    ###....
 Regeneration             Chrm/Necr      #.........   47%         3    ####...


Dungeon Overview and Level Annotations

Branches:
Dungeon (2/15)

Altars:
Cheibriados


Message History

You hit the adder.
The adder is almost dead.
* * * LOW HITPOINT WARNING * * *
You feel sick. The adder misses you.
You miss the adder.
The adder is almost dead.
* * * LOW HITPOINT WARNING * * *
You feel sick. The adder bites you.
* * * LOW HITPOINT WARNING * * *
Your shroud falls apart!
The adder barely misses you.
You riposte.
You hit the adder.
You kill the adder!
* * * LOW HITPOINT WARNING * * *
You feel sick.
Okay, then.
* * * LOW HITPOINT WARNING * * *
You feel sick.
* * * LOW HITPOINT WARNING * * *
You feel sick.
You die...

#.....[.....# #.#.#.#######.
##.#.#...........
........#######.
#.###.....#####.#
....#............ ..
#.#.......###.#
#######.#...###.#
........@>..# #.#.#.#####
######.##..# #.#.#.....#
##.##.##..###.#...#.#.#
#.....##..............#
#.......#.............# #.
#.....#.#.#........._..
###.#####.##.#.#..............
...........#.#.#..............
##.###.####.#.#..#...#.#....#


There were no monsters in sight!

Vanquished Creatures
  3 adders
  A worm (D:2)
  A bat (D:1)
  2 giant cockroaches
  2 goblins
  A hobgoblin (D:1)
  2 kobolds (D:2)
  5 rats
17 creatures vanquished.

Notes
Turn   | Place    | Note
-------+----------+-------------------------------------------
     0 | D:1      | PaladinM the Human Skald began the quest for the Orb.
     0 | D:1      | Reached XP level 1. HP: 16/16 MP: 3/3
    21 | D:1      | Found a snail-covered altar of Cheibriados.
   118 | D:1      | Reached XP level 2. HP: 19/22 MP: 5/5
   169 | D:1      | You fall through a shaft!
   226 | D:2      | Reached XP level 3. HP: 17/27 MP: 6/6
   253 | D:2      | Found a faded altar of an unknown god.
   426 | D:2      | Learned a level 2 spell: Shroud of Golubria
   430 | D:2      | Learned a level 3 spell: Spectral Weapon
   613 | D:1      | HP: 1/27 [poisoned by an adder]
   615 | D:1      | Succumbed to an adder's poison

Skill      XL: |  1  2 |
---------------+-------+-----
Long Blades    | 3 |  3.9
Fighting       | |  2.0
Armour         | |  1.0
Dodging        | |  2.0
Spellcasting   | |  2.0
Charms         | |  3.0

Action                   || total
-------------------------++-------
Melee: Falchion          ||    73
 Cast: Shroud of Golubri ||     1
  Use: Potion            ||     1
Armor: Leather armour    ||    24
Dodge: Dodged            ||    46
       Rpst.: Falchion   ||    12
